 Dungeon Sprint DCSS version 0.20-a0-1065-g8446734 (webtiles) character file.

120640 potatolord5000 the Conqueror (level 27, 104/273 HPs)
             Began as a Minotaur Fighter on Apr 27, 2017.
             Was the Champion of Cheibriados.
             Escaped with the Orb!
             The game lasted 01:18:01 (4615 turns).

potatolord5000 the Conqueror (Minotaur Fighter)     Turns: 4615, Time: 01:18:01

Health: 104/273    AC: 58    Str: 76    XL:     27
Magic:  18/37      EV: 38    Int: 20    God:    Cheibriados [******]
Gold:   11589      SH: 42    Dex: 36    Spells: 26/26 levels left

rFire    + . .     SeeInvis .   s - +1 hand axe of the Sun {chop, rC- Str+9 Dex+3}
rCold    + . .     Gourm    .   v - +3 large shield of the Dungeon {rElec rCorr Str+4}
rNeg     + . .     Faith    .   e - +14 crystal plate armour
rPois    +         Spirit   +   n - -1 hat "Qetigysch" {rF+}
rElec    +         Reflect  .   j - +5 cloak "Kagadabe" {rPois}
rCorr    +         Harm     .   d - +1 pair of gloves of Didad {+Blink Str+3}
MR       ++...     NoTele   +   m - +2 pair of boots "Lufetoru" {rC++}
Stlth    ..........             b - amulet "Zis Rele" {Spirit *Contam +Blink Str+6}
Regen    0.6/turn               c - ring "Fyschemm" {Str+3 Dex+2}
MPRegen  0.3/turn               p - ring "Cyowk" {*Corrode rElec rN+ Str+4 Dex+4}

@: studying Crossbows, very slow
A: retaliatory headbutt, horns 2, blurry vision 1
0: Orb of Zot
}: 5/15 runes: decaying, slimy, elven, silver, gossamer
a: Bend Time, Temporal Distortion, Slouch, Step From Time, Renounce Religion,
Evoke Blink


You escaped.
You worshipped Cheibriados.
Cheibriados was exalted by your worship.
You were completely stuffed.

You visited 1 branch You collected 25602 gold pieces.
You spent 10710 gold pieces at shops.
You paid 3303 gold pieces to Gozag.

Inventory:

Hand Weapons
 s - the +1 hand axe of the Sun (weapon) {chop, rC- Str+9 Dex+3}
   (You found it in the Dungeon)

   It inflicts extra damage upon your enemies.
   It affects your strength (+9).
   It affects your dexterity (+3).
   It makes you vulnerable to cold.
Armour
 d - the +1 pair of gloves of Didad (worn) {+Blink Str+3}
   (You bought it in a shop in the Dungeon)

   It affects your strength (+3).
   It lets you blink.
 e - a +14 crystal plate armour (worn)
 j - the +5 cloak "Kagadabe" (worn) {rPois}
   (You bought it in a shop in the Dungeon)

   It protects you from poison.
 m - the +2 pair of boots "Lufetoru" (worn) {rC++}
   (You bought it in a shop in the Dungeon)

   It greatly protects you from cold.
 n - the -1 hat "Qetigysch" (worn) {rF+}
   (You bought it in a shop in the Dungeon)

   It protects you from fire.
 t - a +2 pair of gloves of strength
 v - the +3 large shield of the Dungeon (worn) {rElec rCorr Str+4}
   (You bought it in a shop in the Dungeon)

   It affects your strength (+4).
   It insulates you from electricity.
   It protects you from acid and corrosion.
Jewellery
 b - the amulet "Zis Rele" (around neck) {Spirit *Contam +Blink Str+6}
   (You bought it in a shop in the Dungeon)

   [amulet of guardian spirit]

   It causes incoming damage to be split between your health and magic.
   It affects your strength (+6).
   It lets you blink.
   It causes magical contamination when unequipped.
 c - the ring "Fyschemm" (left hand) {Str+3 Dex+2}
   (You bought it in a shop in the Dungeon)

   [ring of strength]

   It affects your strength (+3).
   It affects your dexterity (+2).
 p - the ring "Cyowk" (right hand) {*Corrode rElec rN+ Str+4 Dex+4}
   (You bought it in a shop in the Dungeon)

   [ring of dexterity]

   It affects your strength (+4).
   It affects your dexterity (+4).
   It insulates you from electricity.
   It protects you from negative energy.
   It may corrode you when you take damage.
Wands
 u - a wand of digging (10/24)
Scrolls
 a - 14 scrolls of remove curse
 k - 4 scrolls of blinking
 w - 8 scrolls of enchant weapon
Potions
 g - 19 potions of heal wounds
 h - a potion of haste
 i - 2 potions of magic
 l - a potion of resistance
 o - 4 potions of might
 r - 3 potions of curing
 x - 6 potions of agility
Books
 q - a manual of Crossbows
Comestibles
 f - 4 royal jellies


   Skills:
 O Level 27 Fighting
 O Level 27 Axes
 O Level 27 Armour
 + Level 25.9 Dodging
 O Level 27 Shields
 + Level 22.3 Invocations


You had 26 spell levels left.
You didn't know any spells.

Dungeon Overview and Level Annotations

Branches:
Dungeon (1/1)

Altars:
Cheibriados
Dithmenos
Fedhas
Gozag
Kikubaaqudgha
Makhleb
Okawaru
Qazlal
Ru
Sif Muna
Trog
Uskayaw
Vehumet
Wu Jian
Xom
Yredelemnul
Zin
The Shining One
Beogh
Jiyva
Lugonu

Shops:
D *[%??*?*?:[((((!!!*


Innate Abilities, Weirdness & Mutations

You reflexively headbutt those who attack you in melee.
You have a pair of horns on your head.
Scrolls take you a little longer to read.


Message History

Score multiplier: 7x You now have 24128 arena points (gained 3213).
You now have 11589 gold pieces (gained 1350).
You see here a mace of venom.
Things that are here:
an eudemon blade of holy wrath; a halberd of freezing
Things that are here:
a flail of crushing; a long sword of holy wrath
Things that are here:
a chain mail; a great sword; a flail of protection
Things that are here:
a large shield; a mace of protection
There is a staircase leading out of the dungeon, spattered with blood here.
Items here: )) // 0 ? [[ You pick up the Orb of Zot!
The Orb lets out a hideous shriek!
The lords of Pandemonium are not amused.
Beware!
Cheibriados tells them not to hurry.
Now all you have to do is get back out of the dungeon!
You can't go down here!
You have escaped!

#_......._# ###.....)...###
#⌠......[[...⌠#
######.8.[).[.)..8.######
##∩___...[..###.[....___∩##
###∩........8.# #[8|†).....∩###
##.........)...###.[[))).......##
#⌠........[.###...###...∩[.....⌠#
#⌠......(())# #.@.# #.[).).[...⌠#
#⌠......)(..###(..###..(().[[.[⌠#
##........[(.()###....∩()[.[...##
###∩....()((8(# #.8((((....∩###
##∩___.[((((###.)((..._.∩##
######.8(([..)([)8.######
#⌠).((((.[).)⌠# ###..).((...###
#_...)(.._#


There were no monsters in sight!

Vanquished Creatures
  Dissolution (D)
  Mennas (D)
  Fannar (D)
  A curse toe (D)
  A golden dragon (D)
  3 iron giants (D)
  2 electric golems (D)
  Rupert (D)
  10 Orb Guardians (D)
  5 quicksilver dragons (D)
  2 acid blobs (D)
  A titan (D)
  2 death cobs (D)
  2 shadow dragons (D)
  Kirke (D)
  5 storm dragons (D)
  A vault warden (D)
  Louise (D)
  3 iron dragons (D)
  3 stone giants (D)
  7 reapers (D)
  An entropy weaver (D)
  3 deep elf death magi (D)
  4 merfolk javelineers (D)
  An eidolon (D)
  A green death (D)
  A merfolk impaler (D)
  6 fire dragons (D)
  An ice dragon (D)
  3 yaktaur captains (D)
  3 vault guards (D)
  A wizard (D)
  A merfolk aquamancer (D)
  An alligator snapping turtle (D)
  15 catoblepae (D)
  8 hell beasts (D)
  4 spriggan air magi (D)
  3 two-headed ogres (D)
  A death knight (D)
  2 iron elementals (D)
  An ogre mage (D)
  11 dancing weapons (D)
  A death yak (D)
  A sea snake (D)
  3 phantasmal warriors (D)
  2 death drakes (D)
  A harpy (shapeshifter) (D)
  An ugly thing (D)
  An orc knight (D)
  An orb spider (D)
  A shining eye (D)
  3 wolf spiders (D)
  5 moths of wrath (D)
  A manticore (D)
  4 rust devils (D)
  A water nymph (D)
  A torpor snail (D)
  3 gargoyles (D)
  4 spiny frogs (D)
  A freezing wraith (D)
  2 demonic crawlers (D)
  6 yaktaurs (D)
  A rime drake (D)
  2 jumping spiders (D)
  4 wind drakes (D)
  3 hornets (D)
  A troll (D)
  2 merfolk (D)
  A hippogriff (D)
  A snapping turtle (D)
  Sigmund (D)
  A tarantella (D)
  3 redbacks (D)
  An air elemental (D)
  7 wraiths (D)
  2 steam dragons (D)
  An acid dragon (D)
  2 water moccasins (D)
  A swamp drake (D)
  2 sky beasts (D)
  An orc warrior (D)
  2 ogres (D)
  A centaur (D)
  A crocodile (D)
  A crocodile (shapeshifter) (D)
  8 earth elementals (D)
  2 wights (D)
  2 iron imps (D)
  A gnoll shaman (D)
  3 gnolls (D)
  2 adder skeletons (D)
  2 adder zombies (D)
  2 ball lightnings (D)
  An orc (D)
  A bat zombie (D)
  A giant cockroach (D)
  2 quokkas (D)
  A jackal skeleton (D)
  A quokka skeleton (D)
240 creatures vanquished.

Vanquished Creatures (others)
  A dancing weapon (D)
  A sky beast (D)
  11 ball lightnings (D)
13 creatures vanquished.

Grand Total: 253 creatures vanquished

Notes
Turn   | Place    | Note
-------+----------+-------------------------------------------
     0 | D        | potatolord5000 the Minotaur Fighter began the quest for the Orb.
     0 | D        | Reached XP level 1. HP: 19/19 MP: 0/0
     2 | D        | Found a shadowy altar of Dithmenos.
     2 | D        | Found a bloodstained altar of Trog.
     3 | D        | Found a glowing silver altar of Zin.
     3 | D        | Found an opulent altar of Gozag.
     4 | D        | Found a burning altar of Makhleb.
     4 | D        | Found a corrupted altar of Lugonu.
     5 | D        | Found a viscous altar of Jiyva.
     5 | D        | Found a sacrificial altar of Ru.
     5 | D        | Found Jophuq's Staff Store.
     5 | D        | Found Jogy's Magic Scroll Shop.
     5 | D        | Round 1.
     6 | D        | Found Qijerar's Must-Have Magic.
     6 | D        | Found Geatil's Magic Scroll Shop.
    13 | D        | Became a worshipper of Gozag Ym Sagoz the Greedy
    35 | D        | Found a deep blue altar of Sif Muna.
    36 | D        | Found an iron altar of Okawaru.
    37 | D        | Found a stormy altar of Qazlal.
    37 | D        | Found Pycem's Bee Food.
    39 | D        | Found Teacla's Jewellery.
    39 | D        | Found Muphez's Advanced Armour.
    40 | D        | Found a basalt altar of Yredelemnul.
    40 | D        | Found an ornate altar of the Wu Jian Council.
    40 | D        | Found a roughly hewn altar of Beogh.
    40 | D        | Found Fabaiqut's Identification Station.
    67 | D        | Found a glowing golden altar of the Shining One.
    69 | D        | Found a snail-covered altar of Cheibriados.
    69 | D        | Found a hide-covered altar of Uskayaw.
    70 | D        | Noticed a gnoll shaman
    71 | D        | Found Leprytiu's Premium Goods.
    73 | D        | Found Iczakhiq's Miscellaneous Merchandise.
    73 | D        | Found Fusoimez's Basic Armour.
    79 | D        | Killed a gnoll shaman
    79 | D        | Reached skill level 5 in Fighting
    79 | D        | Reached skill level 5 in Armour
    79 | D        | Reached skill level 5 in Shields
    79 | D        | Reached XP level 2. HP: 18/29 MP: 1/1
    80 | D        | Found a radiant altar of Vehumet.
    80 | D        | Found a blossoming altar of Fedhas.
    80 | D        | Found Daet's Weapon Rack.
   135 | D        | Found a shimmering altar of Xom.
   140 | D        | Reached XP level 3. HP: 35/36 MP: 2/2
   148 | D        | Found Uruofud's Do-It-Yourself Clinic.
   172 | D        | Bought a pair of faintly humming gloves for 332 gold pieces
   177 | D        | Identified the +1 pair of gloves of Didad {+Blink Str+3} (You bought it in a shop in the Dungeon)
   186 | D        | Arena points: 5 (+5) [x1]
   201 | D        | Round 2.
   228 | D        | Noticed Sigmund
   245 | D        | Killed Sigmund
   245 | D        | Reached XP level 4. HP: 39/50 MP: 3/3
   245 | D        | Reached XP level 5. HP: 44/57 MP: 4/4
   291 | D        | Noticed a centaur
   297 | D        | Killed a centaur
   297 | D        | Reached skill level 10 in Fighting
   297 | D        | Reached XP level 6. HP: 46/66 MP: 5/5
   322 | D        | Bought a pair of faintly humming boots for 332 gold pieces
   327 | D        | Identified the +2 pair of boots "Lufetoru" {rC++} (You bought it in a shop in the Dungeon)
   339 | D        | Arena points: 33 (+28) [x2]
   357 | D        | Bought a polished hat for 315 gold pieces
   357 | D        | Round 3.
   357 | D        | Noticed a steam dragon
   362 | D        | Identified the cursed -1 hat "Qetigysch" {rF+} (You bought it in a shop in the Dungeon)
   363 | D        | Killed a steam dragon
   413 | D        | Noticed a sky beast
   421 | D        | Killed a sky beast
   421 | D        | Reached XP level 7. HP: 63/74 MP: 6/6
   470 | D        | Noticed a steam dragon
   482 | D        | Killed a steam dragon
   487 | D        | Reached skill level 10 in Armour
   495 | D        | Bought a faintly humming cloak for 332 gold pieces
   495 | D        | Bought a faintly humming shield for 332 gold pieces
   500 | D        | Identified the +5 cloak "Kagadabe" {rPois} (You bought it in a shop in the Dungeon)
   510 | D        | Identified the cursed +0 shield of Zyit {Str+4} (You bought it in a shop in the Dungeon)
   521 | D        | Arena points: 51 (+18) [x1]
   536 | D        | Round 4.
   647 | D        | Reached skill level 10 in Shields
   677 | D        | Arena points: 79 (+28) [x1]
   681 | D        | Found an ancient bone altar of Kikubaaqudgha.
   684 | D        | Found Lataoc's Distillery.
   686 | D        | Found Emasas's Distillery.
   686 | D        | Found Nodaor's Bottled Wisdom.
   692 | D        | Round 5.
   694 | D        | Noticed a witch
   710 | D        | Noticed a spiny frog
   720 | D        | Reached XP level 8. HP: 82/86 MP: 7/7
   721 | D        | Killed a spiny frog
   721 | D        | Reached skill level 10 in Axes
   728 | D        | Noticed a spiny frog
   743 | D        | Killed a spiny frog
   765 | D        | Noticed a swamp dragon
   765 | D        | Noticed a thorn hunter
   768 | D        | Killed a witch
   768 | D        | Arena points: 199 (+120) [x3]
   768 | D        | Reached skill level 15 in Fighting
   768 | D        | Reached XP level 9. HP: 86/97 MP: 8/8
   772 | D        | Got a decaying rune of Zot
   830 | D        | Bought a brightly glowing leather armour for 245 gold pieces
   831 | D        | Bought 3 scrolls of identify for 150 gold pieces
   832 | D        | Identified the +3 leather armour "Emiliny" {rN+ Dex+3} (You bought it in a shop in the Dungeon)
   865 | D        | Reached XP level 10. HP: 107/107 MP: 9/9
   873 | D        | Bought a flickering steel amulet for 45 gold pieces
   873 | D        | Bought a shimmering bone ring for 45 gold pieces
   873 | D        | Bought a transparent turquoise ring for 45 gold pieces
   874 | D        | Identified the amulet "Zis Rele" {Spirit *Contam +Blink Str+6} (You bought it in a shop in the Dungeon)
   878 | D        | Identified the ring "Fyschemm" {Str+3 Dex+2} (You bought it in a shop in the Dungeon)
   890 | D        | Bought 3 scrolls of identify for 150 gold pieces
   902 | D        | Identified the cursed ring of the Seer {+Inv rElec rC- rN++ Slay-5} (You bought it in a shop in the Dungeon)
   904 | D        | Bought a wavering lead ring for 45 gold pieces
   904 | D        | Identified the ring "Cyowk" {*Corrode rElec rN+ Str+4 Dex+4} (You bought it in a shop in the Dungeon)
   964 | D        | Got an encrusted hand axe
   965 | D        | Identified the +1 hand axe of the Sun {chop, rC- Str+9 Dex+3} (You found it in the Dungeon)
   983 | D        | Round 6.
  1032 | D        | Noticed a two-headed ogre
  1042 | D        | Killed a two-headed ogre
  1077 | D        | Bought a potion of experience for 300 gold pieces
  1077 | D        | Reached XP level 11. HP: 116/116 MP: 10/10
  1092 | D        | Noticed a two-headed ogre
  1099 | D        | Killed a two-headed ogre
  1119 | D        | Noticed a two-headed ogre
  1133 | D        | Killed a two-headed ogre
  1153 | D        | Bought 15 scrolls of remove curse for 450 gold pieces
  1175 | D        | Noticed a two-headed ogre
  1191 | D        | Arena points: 235 (+36) [x1]
  1206 | D        | Round 7.
  1231 | D        | Bought 3 royal jellies for 24 gold pieces
  1231 | D        | Bought 3 royal jellies for 24 gold pieces
  1231 | D        | Bought 3 royal jellies for 24 gold pieces
  1231 | D        | Bought 3 royal jellies for 24 gold pieces
  1352 | D        | Arena points: 361 (+126) [x2]
  1402 | D        | Round 8.
  1403 | D        | Noticed Rupert
  1422 | D        | Killed Rupert
  1422 | D        | Reached skill level 15 in Armour
  1422 | D        | Reached skill level 15 in Shields
  1422 | D        | Reached XP level 12. HP: 95/132 MP: 7/11
  1463 | D        | Arena points: 601 (+240) [x3]
  1478 | D        | Round 9.
  1531 | D        | Noticed an entropy weaver
  1537 | D        | Killed an entropy weaver
  1537 | D        | Reached skill level 15 in Axes
  1630 | D        | Arena points: 925 (+324) [x4]
  1655 | D        | Bought a +0 crystal plate armour for 960 gold pieces
  1660 | D        | Round 10.
  1694 | D        | Bought 4 potions of curing for 84 gold pieces
  1694 | D        | Bought 4 potions of curing for 84 gold pieces
  1694 | D        | Bought 3 potions of heal wounds for 105 gold pieces
  1694 | D        | Bought 3 potions of heal wounds for 105 gold pieces
  1799 | D        | Arena points: 1525 (+600) [x6]
  1803 | D        | Got a gossamer rune of Zot
  1854 | D        | Bought 4 scrolls of enchant armour for 300 gold pieces
  1854 | D        | Bought 4 scrolls of enchant armour for 300 gold pieces
  1854 | D        | Bought 8 scrolls of enchant weapon for 600 gold pieces
  1870 | D        | Bought 4 scrolls of enchant armour for 300 gold pieces
  2007 | D        | Round 11.
  2097 | D        | Bought a faintly humming large shield for 332 gold pieces
  2107 | D        | Identified the +3 large shield of the Dungeon {rElec rCorr Str+4} (You bought it in a shop in the Dungeon)
  2159 | D        | Noticed an iron dragon
  2179 | D        | Killed an iron dragon
  2202 | D        | Arena points: 1646 (+121) [x1]
  2217 | D        | Bought 2 potions of experience for 600 gold pieces
  2217 | D        | Bought a potion of experience for 300 gold pieces
  2217 | D        | Reached XP level 13. HP: 114/145 MP: 12/12
  2217 | D        | Round 12.
  2218 | D        | Reached XP level 14. HP: 122/154 MP: 13/13
  2219 | D        | Reached XP level 15. HP: 129/162 MP: 14/14
  2220 | D        | Reached XP level 16. HP: 135/170 MP: 15/15
  2260 | D        | Noticed Kirke
  2263 | D        | Noticed Louise
  2273 | D        | Killed Kirke
  2301 | D        | Killed Louise
  2368 | D        | Arena points: 1910 (+264) [x2]
  2414 | D        | Bought 3 potions of experience for 900 gold pieces
  2414 | D        | Reached XP level 17. HP: 180/180 MP: 16/16
  2415 | D        | Reached XP level 18. HP: 190/190 MP: 17/17
  2416 | D        | Reached XP level 19. HP: 198/198 MP: 18/18
  2422 | D        | Round 13.
  2504 | D        | Noticed Nergalle
  2504 | D        | Arena points: 2378 (+468) [x3]
  2519 | D        | Round 14.
  2629 | D        | Arena points: 3050 (+672) [x4]
  2704 | D        | Round 15.
  2705 | D        | Noticed Fannar
  2755 | D        | Killed Fannar
  2755 | D        | Arena points: 4040 (+990) [x6]
  2755 | D        | Reached XP level 20. HP: 201/209 MP: 17/19
  2759 | D        | Got an elven rune of Zot
  2760 | D        | Reached XP level 21. HP: 210/216 MP: 17/20
  2895 | D        | Bought a scroll of enchant armour for 120 gold pieces
  2895 | D        | Bought a scroll of enchant armour for 120 gold pieces
  2949 | D        | Round 16.
  3018 | D        | Arena points: 5272 (+1232) [x7]
  3036 | D        | Round 17.
  3104 | D        | Arena points: 6632 (+1360) [x8]
  3119 | D        | Round 18.
  3280 | D        | Reached skill level 27 in Fighting
  3294 | D        | Arena points: 8900 (+2268) [x9]
  3328 | D        | Round 19.
  3351 | D        | Fell from the grace of Gozag
  3351 | D        | Became a worshipper of Cheibriados the Contemplative
  3378 | D        | Reached * piety under Cheibriados
  3382 | D        | Reached ** piety under Cheibriados
  3419 | D        | Reached *** piety under Cheibriados
  3430 | D        | Reached **** piety under Cheibriados
  3441 | D        | Reached ***** piety under Cheibriados
  3449 | D        | Arena points: 11370 (+2470) [x10]
  3477 | D        | Round 20.
  3503 | D        | Noticed Mennas
  3553 | D        | Upgraded the game from 0.20-a0-1062-g7b787ac to 0.20-a0-1065-g8446734
  3572 | D        | Reached ****** piety under Cheibriados
  3573 | D        | Killed Mennas
  3573 | D        | Arena points: 14250 (+2880) [x12]
  3577 | D        | Got a silver rune of Zot
  3667 | D        | Round 21.
  3668 | D        | Bought 6 potions of might for 168 gold pieces
  3668 | D        | Bought 6 potions of agility for 168 gold pieces
  3709 | D        | Noticed a golden dragon
  3725 | D        | Killed a golden dragon
  3745 | D        | Reached XP level 22. HP: 135/233 MP: 16/21
  3794 | D        | Arena points: 14607 (+357) [x1]
  3802 | D        | Round 22.
  3924 | D        | Arena points: 14937 (+330) [x1]
  3939 | D        | Round 23.
  4051 | D        | Reached skill level 27 in Axes
  4051 | D        | Reached skill level 27 in Armour
  4051 | D        | Reached skill level 27 in Shields
  4051 | D        | Reached skill level 1 in Dodging
  4066 | D        | Arena points: 15673 (+736) [x2]
  4076 | D        | Round 24.
  4123 | D        | Reached skill level 5 in Dodging
  4140 | D        | Reached skill level 10 in Dodging
  4143 | D        | Reached XP level 23. HP: 206/240 MP: 20/22
  4176 | D        | Arena points: 16825 (+1152) [x3]
  4219 | D        | Round 25.
  4222 | D        | Noticed Dissolution
  4232 | D        | Paralysed by a floating eye for 4 turns
  4240 | D        | Reached skill level 5 in Invocations
  4243 | D        | Gained mutation: Scrolls take you a little longer to read. [a shining eye]
  4246 | D        | Paralysed by a floating eye for 3 turns
  4257 | D        | Paralysed by a floating eye for 4 turns
  4264 | D        | Killed Dissolution
  4264 | D        | Arena points: 18575 (+1750) [x5]
  4267 | D        | Got a slimy rune of Zot
  4272 | D        | Reached XP level 24. HP: 53/249 MP: 3/33
  4291 | D        | Bought 3 potions of heal wounds for 105 gold pieces
  4291 | D        | Bought 3 potions of heal wounds for 105 gold pieces
  4291 | D        | Bought 3 potions of heal wounds for 105 gold pieces
  4291 | D        | Bought 3 potions of heal wounds for 105 gold pieces
  4291 | D        | Bought 3 potions of heal wounds for 105 gold pieces
  4291 | D        | Bought 3 potions of heal wounds for 105 gold pieces
  4291 | D        | Bought 3 potions of heal wounds for 105 gold pieces
  4291 | D        | Bought 3 potions of heal wounds for 105 gold pieces
  4291 | D        | Bought 3 potions of heal wounds for 105 gold pieces
  4291 | D        | Bought 3 potions of heal wounds for 105 gold pieces
  4304 | D        | Bought 3 potions of experience for 900 gold pieces
  4304 | D        | Reached skill level 15 in Invocations
  4304 | D        | Reached XP level 25. HP: 257/257 MP: 15/33
  4305 | D        | Reached XP level 26. HP: 266/266 MP: 15/33
  4306 | D        | Reached XP level 27. HP: 273/273 MP: 15/33
  4371 | D        | Round 26.
  4480 | D        | Arena points: 20915 (+2340) [x6]
  4496 | D        | Round 27.
  4602 | D        | Arena points: 24128 (+3213) [x7]
  4613 | D        | Got the Orb of Zot
  4615 | D        | Escaped with the Orb!

Vault maps used:
D:        arena_sprint

Skill      XL: |  1  2  3  4  5  6  7  8  9 10 11 12 13 14 15 16 17 18 19 20 21 22 23 24 25 26 27 |
---------------+----------------------------------------------------------------------------------+-----
Fighting       | 5 9 10 11 13 15 16 19 22 23 24 27 | 27.0
Axes           | 3 6 8 9 11 12 14 16 17 18 24 27 | 27.0
Armour         | 5 7 8 9 10 11 12 13 15 16 17 18 19 24 27 | 27.0
Shields        | 5 7 8 9 10 11 12 15 16 17 18 19 24 27 | 27.0
Dodging        | 10 19 20 25 | 25.9
Invocations    | 14 15 22 | 22.3

Action                   |  1- 3 |  4- 6 |  7- 9 | 10-12 | 13-15 | 16-18 | 19-21 | 22-24 | 25-27 || total
-------------------------+-------+-------+-------+-------+-------+-------+-------+-------+-------++-------
Melee: War axe           |    22 |    19 |    58 |       |       |       |       |       |       ||    99
       Headbutt          |     2 |     4 |    14 |    95 |       |    17 |   161 |    75 |    51 ||   419
       Hand axe          |       |       |       |   206 |       |    52 |   413 |   180 |   122 ||   973
Invok: Call Merchant     |       |       |       |     2 |       |       |     2 |       |       ||     4
       Potion Petition   |       |       |       |       |       |       |     1 |       |       ||     1
       Step From Time    |       |       |       |       |       |       |       |       |     1 ||     1
 Abil: Evoke Blink       |       |       |       |       |       |       |     1 |       |       ||     1
  Use: Potion            |     3 |     1 |     1 |     8 |     3 |     3 |     4 |    20 |     6 ||    49
       Scroll            |       |       |     1 |    18 |       |       |     2 |       |       ||    21
 Stab: Distracted        |     1 |       |       |     1 |       |       |     1 |       |       ||     3
       Confused          |       |       |     3 |       |       |       |       |       |       ||     3
  Eat: Bread ration      |       |       |       |     1 |       |       |       |       |       ||     1
       Royal jelly       |       |       |       |     2 |       |       |     2 |       |     4 ||     8
Armor: Scale mail        |     8 |     7 |    15 |       |       |       |       |       |       ||    30
       Leather armour    |       |       |       |    15 |       |       |       |       |       ||    15
       Crystal plate arm |       |       |       |    33 |       |     4 |   159 |   222 |    16 ||   434
Dodge: Dodged            |     4 |     4 |    12 |    42 |       |     1 |    42 |    73 |    41 ||   219
Block: Shield            |    10 |     7 |    28 |   109 |       |       |       |       |       ||   154
       Large shield      |       |       |       |    27 |       |    41 |   552 |   343 |   180 ||  1143
